 Dungeon Crawl Stone Soup version 0.19-a0-734-ge18daf0 (webtiles) character file.

64758 nubinia the Zephyrmancer (level 14, -3/105 HPs)
             Began as a Pale Draconian Air Elementalist on June 20, 2016.
             Was a High Priest of Hepliaklqana.
             Slain by a mana viper (19 damage)
             ... on level 4 of the Lair of Beasts on June 22, 2016.
             The game lasted 04:11:38 (26652 turns).

nubinia the Zephyrmancer (DrAE)                    Turns: 26652, Time: 04:11:39

Health: -3/105     AC: 19    Str: 15    XL:     14   Next: 73%
Magic:  3/39       EV: 17    Int: 18    God:    Hepliaklqana [*****.]
Gold:   1318       SH:  2    Dex: 14    Spells: 12 memorised, 2 levels left

rFire  . . .     SeeInvis .     a - +3 short sword (protect)
rCold  + . .     Gourm    .     (armour unavailable)
rNeg   . . .     Faith    .     (no shield)
rPois  .         Spirit   .     (helmet restricted)
rElec  +         Dismiss  .     f - +1 cloak
rCorr  +         Reflect  +     T - +0 pair of gloves
SustAt .         Harm     .     t - +2 pair of boots {run}
MR     ++...                    O - +2 amulet of reflection
Stlth  ++++......               L - ring "Puciengasun" {rCorr rElec rC+ Str+4 Stlth+}
                                Y - ring "Uhihagem" {MR+ MP+9}

@: repel missiles, quick, very resistant to hostile enchantments, stealthy
A: breathe steam, unfitting armour, antennae 2, wild magic 1, cold-blooded, AC
+8
a: Breathe Steam, Recall Ancestor, Ancestor Identity, Transference, Idealise,
Renounce Religion


You were on level 4 of the Lair of Beasts.
You worshipped Hepliaklqana.
Hepliaklqana was extremely pleased with you.
You were hungry.

You visited 5 branches of the dungeon, and saw 21 of its levels.

You collected 2294 gold pieces.
You spent 976 gold pieces at shops.

Inventory:

Hand Weapons
 a - a +3 short sword of protection (weapon)
 b - the +11 dagger of the Messenger {venom, rC++ MR+ Stlth-}
   (You found it on level 5 of the Dungeon)

   It poisons the flesh of those it strikes.
   It greatly protects you from cold.
   It affects your resistance to hostile enchantments.
   It makes you less stealthy.
 B - a +1 blowgun
 W - the +7 hunting sling of Duty {flame, SInv}
   (You found it on level 2 of the Lair of Beasts)

   It causes projectiles fired from it to burn those they strike, causing extra
   injury to most foes and up to half again as much damage against particularly
   susceptible opponents.
   It lets you see invisible.
Missiles
 w - 14 poisoned needles
Armour
 f - a +1 cloak (worn)
 t - a +2 pair of boots of running (worn)
 T - a +0 pair of gloves (worn)
Jewellery
 i - an uncursed amulet of faith
 u - an uncursed ring of wizardry
 F - an uncursed ring of protection from fire
 J - a +4 ring of evasion
 L - the ring "Puciengasun" (right hand) {rCorr rElec rC+ Str+4 Stlth+}
   (You found it on level 10 of the Dungeon)

   [ring of resist corrosion]

   It affects your strength (+4).
   It protects you from cold.
   It insulates you from electricity.
   It makes you more stealthy.
 N - an uncursed ring of sustain attributes
 O - a +2 amulet of reflection (around neck)
 Y - the ring "Uhihagem" (left hand) {MR+ MP+9}
   (You found it on level 4 of the Lair of Beasts)

   [ring of protection from magic]

   It affects your resistance to hostile enchantments.
   It affects your magic capacity (+9).
Wands
 p - a wand of acid (5/15)
 r - a wand of confusion (12/48)
 y - a wand of flame (30/48)
 H - a wand of iceblast (4/15)
 M - a wand of disintegration (10/24)
Scrolls
 k - 3 scrolls of teleportation
 l - 8 scrolls of remove curse
 K - 4 scrolls of fog
 R - 4 scrolls of identify
 U - a scroll of silence
 Z - 2 scrolls of amnesia
Potions
 d - 2 potions of berserk rage
 e - 3 potions of curing
 z - 3 potions of flight
 C - 2 potions of invisibility
 D - 2 potions of might
 E - a potion of magic
 G - a potion of heal wounds
 I - a potion of agility
 S - 2 potions of cure mutation
 V - 3 potions of resistance
Books
 h - a book of Necromancy

   Spells                             Type                      Level
   a - Pain                           Necromancy                   1
   b - Animate Skeleton               Necromancy                   1
   c - Vampiric Draining              Necromancy                   3
   d - Regeneration                   Charms/Necromancy            3
   e - Animate Dead                   Necromancy                   4
   f - Control Undead                 Necromancy                   4
 n - a book of Callings

   Spells                             Type                      Level
   a - Summon Small Mammal            Summoning                    1
   b - Call Imp                       Summoning                    2
   c - Call Canine Familiar           Summoning                    3
   d - Summon Guardian Golem          Hexes/Summoning              3
   e - Summon Lightning Spire         Summoning/Air                4
   f - Summon Ice Beast               Ice/Summoning                4
 o - a book of Maledictions

   Spells                             Type                      Level
   a - Corona                         Hexes                        1
   b - Ensorcelled Hibernation        Hexes/Ice                    2
   c - Confuse                        Hexes                        3
   d - Tukima's Dance                 Hexes                        3
   e - Dazzling Spray                 Conjuration/Hexes            3
 P - a Fen Folio

   Spells                             Type                      Level
   a - Corpse Rot                     Necromancy                   2
   b - Stone Arrow                    Conjuration/Earth            3
   c - Leda's Liquefaction            Hexes/Earth                  4
   d - Summon Forest                  Summoning/Translocation      5
   e - Hydra Form                     Transmutation                6
   f - Summon Hydra                   Summoning                    7
Miscellaneous
 x - a phantom mirror
 X - a phial of floods
Comestibles
 c - a slice of pizza
 g - 37 fruits
 j - 10 meat rations
 q - 2 beef jerkies
 v - 9 bread rations
 Q - 10 royal jellies


   Skills:
 + Level 4.7 Fighting
 + Level 4.2 Short Blades
   Level 0.6 Maces & Flails
 + Level 3.5 Throwing
 + Level 8.7 Dodging
 + Level 5.1 Stealth
 + Level 12.9 Spellcasting
 + Level 11.8 Conjurations
 + Level 2.0 Charms
 * Level 3.0 Summonings
 + Level 5.9 Necromancy
 + Level 13.1 Air Magic
 + Level 2.3 Evocations


You had 2 spell levels left.
You knew the following spells:

 Your Spells              Type           Power        Failure   Level  Hunger
a - Shock                 Conj/Air       ####         1%          1    None
b - Dazzling Spray        Conj/Hex       #####.       2%          3    None
c - Static Discharge      Conj/Air       ######..     1%          3    None
d - Lightning Bolt        Conj/Air       ######....   1%          5    ####...
e - Swiftness             Chrm/Air       ######..     1%          2    None
f - Bolt of Draining      Conj/Necr      ######....   8%          5    ####...
g - Vampiric Draining     Necr           #####.....   2%          3    None
h - Summon Lightning Spi  Summ/Air       ######..     4%          4    #......
r - Repel Missiles        Chrm/Air       ######       1%          2    None
D - Animate Dead          Necr           N/A          10%         4    #......
R - Regeneration          Chrm/Necr      ####......   6%          3    None
S - Animate Skeleton      Necr           N/A          1%          1    None


Dungeon Overview and Level Annotations

Branches:
Dungeon (11/15)            Temple (1/1) D:7            Lair (6/6) D:9
 Shoals (0/4) Lair:2        Snake (1/4) Lair:4        Slime (0/5) Lair:6
    Orc (2/2) D:11            Elf (0/3) Orc:2

Altars:
Ashenzari
Cheibriados
Dithmenos
Elyvilon
Fedhas
Gozag
Hepliaklqana
Kikubaaqudgha
Makhleb
Nemelex Xobeh
Okawaru
Pakellas
Qazlal
Ru
Sif Muna
Trog
Uskayaw
Vehumet
Xom
Yredelemnul
Zin
The Shining One
Beogh

Shops:
D:9 *   Orc:2 *(:([

Annotations:
D:3 Natasha
D:8 Erolcha
Lair:4 Aizul


Innate Abilities, Weirdness & Mutations

You can breathe blasts of scalding, opaque steam.
Your pale cyan-grey scales are hard. (AC +8)
Your body does not fit into most forms of armour.
You are cold-blooded and may be slowed by cold attacks.
You have a pair of antennae on your head.
Your spells are a little harder to cast, but a little more powerful.


Message History

Casting: Bolt of Draining
Confirm with . or Enter, or press ? or * to list all spells.
Aiming: Shock
Press: ? - help, Shift-Dir - straight line The zap misses the mana viper. x2; Shatu-murrim misses the mana viper.
You hit the mana viper.
The mana viper is heavily wounded.
The mana viper misses you. The mana viper barely misses you.
The mana viper is no longer covered in acid.
Evoke which item? (* to show all) (? for menu, Esc to quit)
Zapping:
p - a wand of acid {zapped: 3} (will waste charges)
Press: ? - help, Shift-Dir - straight line, f - mana viper
Aim: a mana viper (heavily wounded)
The bolt of acid hits the mana viper.
The acid corrodes the mana viper!
The mana viper is severely wounded.
The bolt of acid hits the mana viper.
You kill the mana viper!
Evoking this partially-identified wand wasted a few charges.
The mana viper bites you!!
You die...

# ##.##<....## ##.....#........#
# ##.........P# ##....########.#
###.P........## #....# ####.#
............## #....## ##.#..#
....##.......# ####.....###......
...####......###.P#............#.
##.#
#......R.................#โ‰ˆ
..###
#.....##{#S.........P....#โ‰ˆ
....#
#PP...####@....##.#.#....ยงโ‰ˆ
....###..............#.#..#....##
##...#...........................
####..#...................#......
# #..#.............####.).......
####P...........P...####.#.......
................#................
.................................
....................#..#..P......


You could see a mana viper.

Vanquished Creatures
  2 orc warlords (Orc:2)
  Harold (Lair:2)
  A catoblepas (Lair:3)
  2 hydras
  Erica (Lair:2)
  3 death yaks (Lair:6)
  An orc high priest (Orc:1)
  2 ugly things (D:11)
  Pikel (D:7)
  A mana viper (Lair:4)
  A griffon (Lair:2)
  A salamander (Snake:1)
  A cyclops (D:11)
  A manticore (Lair:2)
  3 orc sorcerers
  6 elephants (Lair:5)
  Joseph (D:7)
  7 black mambas
  2 torpor snails (Lair:4)
  Psyche (D:9)
  5 spiny frogs
  4 molten gargoyles (D:11)
  4 komodo dragons
  A rime drake (Lair:4)
  A troll (D:9)
  4 polar bears (Lair:6)
  13 blink frogs
  A boulder beetle (Lair:6)
  6 redbacks (Lair:6)
  11 spriggans (Lair:6)
  11 yaks
  5 wyverns
  3 basilisks
  10 hippogriffs
  A warg (D:11)
  14 water moccasins
  19 soldier ants
  2 porcupines
  3 sky beasts
  26 orc warriors
  A phantom (D:11)
  2 eyes of draining (D:11)
  2 black bears (Lair:6)
  4 wasps
  3 ice beasts
  2 slaves (D:7)
  5 ogres
  2 centaurs (D:9)
  32 wolves
  6 crocodiles
  A big kobold (D:11)
  10 giant frogs
  A gnoll sergeant (D:7)
  3 scorpions
  8 killer bees
  10 wights
  5 electric eels
  2 crimson imps
  A lava snake (D:11)
  A quasit (D:7)
  A centaur zombie (D:9)
  4 jellies
  2 centaur skeletons
  18 orc priests
  9 hounds
  14 orc wizards
  Ijyb (D:3)
  Natasha (D:3)
  11 iguanas
  20 worker ants
  A killer bee zombie (D:8)
  5 sheep (Lair:3)
  9 gnolls
  24 adders
  22 river rats
  A shadow imp (D:10)
  7 oozes
  2 adder zombies
  3 adder skeletons
  4 worms
  2 dart slugs (D:1)
  4 giant geckos
  62 orcs
  A ball python (Lair:4)
  2 giant cockroaches
  3 hobgoblins
  13 jackals
  6 quokkas
  7 bats
  4 giant newts
  7 goblins
  14 kobolds
  22 rats
  A fungus (D:11)
591 creatures vanquished.

Vanquished Creatures (collateral kills)
  Rupert (Lair:5)
  An orc warlord (Orc:2)
  A hydra (Lair:6)
  A queen ant (Lair:3)
  A death yak (Lair:5)
  An orc high priest (Orc:2)
  An orc knight (D:11)
  2 orc sorcerers (Orc:2)
  2 black mambas (Lair:4)
  2 torpor snails (Lair:4)
  5 spiny frogs
  5 komodo dragons
  A spriggan druid (Lair:6)
  A polar bear (Lair:6)
  A troll (Orc:2)
  14 blink frogs
  A redback (Lair:6)
  Sigmund (D:3)
  3 spriggans (Lair:6)
  A wyvern (Lair:6)
  6 yaks
  2 hippogriffs
  A warg (Orc:2)
  A soldier ant (Lair:2)
  3 water moccasins
  A porcupine (Lair:5)
  16 orc warriors
  2 black bears (Lair:6)
  8 wolves
  2 ogres
  A centaur (D:7)
  2 crocodiles
  2 giant frogs
  2 killer bees
  2 wights (D:8)
  A crimson imp (D:9)
  A giant frog zombie (D:11)
  2 hounds
  7 orc priests
  A jelly (D:10)
  5 orc wizards
  A giant frog skeleton (D:5)
  An iguana (Lair:1)
  4 worker ants
  2 sheep (Lair:3)
  6 river rats
  3 adders (D:3)
  A shadow imp (D:7)
  An ooze (D:3)
  29 orcs
  A bat (D:2)
  A giant cockroach (D:3)
  A hobgoblin (D:2)
  2 jackals
  5 rats (D:3)
  7 fungi
  3 plants
182 creatures vanquished.

Vanquished Creatures (others)
  17 hexers
  2 ancestors (D:3)
  An orc (D:9)
  A jackal (D:9)
  A bush (Lair:3)
  37 fungi
  28 plants
87 creatures vanquished.

Grand Total: 860 creatures vanquished

Notes
Turn   | Place    | Note
--------------------------------------------------------------
     0 | D:1      | nubinia the Draconian Air Elementalist began the quest for the Orb.
     0 | D:1      | Reached XP level 1. HP: 14/14 MP: 3/3
   503 | D:1      | Reached XP level 2. HP: 13/20 MP: 3/5
   507 | D:1      | Learned a level 2 spell: Repel Missiles
   620 | D:1      | Learned a level 2 spell: Swiftness
  1585 | D:2      | Found a bloodstained altar of Trog.
  1633 | D:2      | Reached XP level 3. HP: 26/26 MP: 1/6
  1643 | D:2      | Found a sparkling altar of Nemelex Xobeh.
  1897 | D:2      | Reached XP level 4. HP: 33/33 MP: 1/7
  2155 | D:2      | Found a burning altar of Makhleb.
  2469 | D:2      | Found a hazy altar of Hepliaklqana.
  2474 | D:2      | Became a worshipper of Hepliaklqana
  2775 | D:3      | Learned a level 3 spell: Static Discharge
  2822 | D:3      | Reached XP level 5. HP: 38/38 MP: 5/9
  2879 | D:3      | Noticed Ijyb
  2890 | D:3      | Killed Ijyb
  2971 | D:3      | Reached skill level 4 in Air Magic
  3029 | D:3      | Noticed Natasha
  3409 | D:3      | Killed Natasha
  3712 | D:3      | Reached XP level 6. HP: 45/45 MP: 7/11
  3773 | D:3      | Noticed an orc warrior
  3837 | D:3      | Killed an orc warrior
  3851 | D:3      | Noticed Natasha
  3853 | D:3      | Reached * piety under Hepliaklqana
  3853 | D:3      | Noticed Sigmund
  4418 | D:3      | Killed Sigmund
  4418 | D:3      | Reached skill level 1 in Throwing
  4418 | D:3      | Your scales start taking on a pale cyan-grey colour.
  4418 | D:3      | Reached skill level 5 in Air Magic
  4418 | D:3      | Reached XP level 7. HP: 43/50 MP: 9/13
  4738 | D:4      | Found a hide-covered altar of Uskayaw.
  4744 | D:4      | Found a shimmering altar of Xom.
  4747 | D:4      | Found a basalt altar of Yredelemnul.
  5028 | D:4      | Reached ** piety under Hepliaklqana
  5030 | D:4      | Remembered your ancestor Shatu-murrim as a hexer
  5100 | D:4      | Found a white marble altar of Elyvilon.
  5296 | D:5      | Entered Level 5 of the Dungeon
  5705 | D:5      | Got a slimy dagger
  5706 | D:5      | Identified the +11 dagger of the Messenger {venom, rC++ MR+ Stlth-} (You found it on level 5 of the Dungeon)
  5805 | D:5      | Reached *** piety under Hepliaklqana
  5977 | D:5      | Reached skill level 6 in Air Magic
  5977 | D:5      | Reached XP level 8. HP: 58/58 MP: 13/15
  6129 | D:6      | Reached skill level 5 in Spellcasting
  6900 | D:6      | Reached skill level 1 in Fighting
  6930 | D:6      | Found a radiant altar of Vehumet.
  6930 | D:6      | Found an oddly glowing altar of Pakellas.
  7025 | D:7      | Reached skill level 5 in Conjurations
  7051 | D:7      | Noticed Joseph
  7084 | D:7      | Killed Joseph
  7084 | D:7      | Reached skill level 7 in Air Magic
  7084 | D:7      | Reached XP level 9. HP: 46/64 MP: 7/18
  7101 | D:7      | Reached **** piety under Hepliaklqana
  7215 | D:7      | Reached skill level 1 in Short Blades
  7219 | D:7      | Found a staircase to the Ecumenical Temple.
  7228 | Temple   | Entered the Ecumenical Temple
  7636 | D:7      | Reached skill level 1 in Charms
  8034 | D:7      | Found a roughly hewn altar of Beogh.
  8125 | D:7      | Noticed Pikel
  8137 | D:7      | Killed Pikel
  8302 | D:7      | Upgraded the game from 0.19-a0-713-g934ebc7 to 0.19-a0-722-g27ac516
  8330 | D:8      | Reached skill level 8 in Air Magic
  8350 | D:8      | Reached ***** piety under Hepliaklqana
  8784 | D:8      | Reached XP level 10. HP: 72/73 MP: 20/20
  9118 | D:8      | Found a snail-covered altar of Cheibriados.
  9118 | D:8      | Found a sparkling altar of Nemelex Xobeh.
  9172 | D:8      | Got a shimmering flail
  9173 | D:8      | Identified the +3 flail of the Wary Beds {distort, rF+ rC- Int+6 Dex-5} (You found it on level 8 of the Dungeon)
  9174 | D:8      | Noticed Erolcha
  9230 | D:9      | Reached skill level 5 in Dodging
  9558 | D:9      | Found Zin's Purification Station.
  9560 | D:9      | Found a glowing silver altar of Zin.
  9679 | D:9      | Noticed Psyche
  9693 | D:9      | Killed Psyche
  9722 | D:9      | Reached skill level 9 in Air Magic
  9760 | D:9      | Found a staircase to the Lair.
 10253 | Lair:1   | Entered Level 1 of the Lair of Beasts
 10495 | Lair:1   | Learned a level 5 spell: Lightning Bolt
 10596 | Lair:1   | Reached XP level 11. HP: 69/82 MP: 19/23
 11149 | Lair:2   | Noticed Harold
 11160 | Lair:2   | Noticed Erica
 11166 | Lair:2   | Killed Harold
 11173 | Lair:2   | Killed Erica
 11173 | Lair:2   | Reached skill level 10 in Air Magic
 11183 | Lair:2   | Noticed a griffon
 11192 | Lair:2   | Killed a griffon
 11766 | Lair:2   | Got a steaming hunting sling
 11813 | Lair:2   | Gained mutation: Your spells are a little harder to cast, but a little more powerful. [potion of mutation]
 11813 | Lair:2   | Gained mutation: You have a pair of small antennae on your head. [potion of mutation]
 11813 | Lair:2   | Gained mutation: You have a pair of antennae on your head. [potion of mutation]
 11814 | Lair:2   | Identified the +7 hunting sling of Duty {flame, SInv} (You found it on level 2 of the Lair of Beasts)
 11851 | Lair:2   | Reached ****** piety under Hepliaklqana
 12480 | Lair:2   | Found a staircase to the Shoals.
 13822 | Lair:3   | Reached XP level 12. HP: 75/91 MP: 9/25
 14608 | Lair:3   | Reached skill level 10 in Spellcasting
 14608 | Lair:3   | Reached skill level 11 in Air Magic
 14696 | Lair:3   | Noticed a queen ant
 14722 | Lair:3   | Killed a queen ant
 15037 | Lair:3   | Noticed a catoblepas
 15056 | Lair:3   | Killed a catoblepas
 15627 | Lair:4   | Got a smoking marble ring
 15629 | Lair:4   | Identified the ring "Uhihagem" {MR+ MP+9} (You found it on level 4 of the Lair of Beasts)
 16080 | Lair:4   | Found a staircase to the Snake Pit.
 16448 | Lair:4   | Found a snail-covered altar of Cheibriados.
 16459 | Lair:4   | Reached skill level 10 in Conjurations
 16783 | Lair:4   | Learned a level 1 spell: Animate Skeleton
 16865 | Lair:4   | Reached skill level 1 in Necromancy
 16944 | Lair:4   | Learned a level 3 spell: Dazzling Spray
 17070 | Lair:4   | Noticed an eight-headed hydra
 17077 | Lair:4   | Killed an eight-headed hydra
 17399 | Lair:5   | Reached XP level 13. HP: 99/99 MP: 27/27
 17582 | Lair:5   | Reached skill level 12 in Air Magic
 17724 | Lair:5   | Noticed Rupert
 17738 | Lair:5   | Killed Rupert
 17788 | Lair:5   | Reached skill level 1 in Evocations
 18148 | Lair:6   | Entered Level 6 of the Lair of Beasts
 18176 | Lair:6   | Found a staircase to the Slime Pits.
 20640 | Lair:4   | Learned a level 5 spell: Bolt of Draining
 20746 | Lair:6   | Reached skill level 5 in Stealth
 20746 | Lair:6   | Reached XP level 14. HP: 105/105 MP: 17/30
 21167 | D:10     | Entered Level 10 of the Dungeon
 21250 | D:10     | Got a smoking steel ring
 21252 | D:10     | Identified the ring "Puciengasun" {rCorr rElec rC+ Str+4 Stlth+} (You found it on level 10 of the Dungeon)
 21293 | D:10     | Learned a level 3 spell: Vampiric Draining
 21297 | D:10     | Learned a level 3 spell: Regeneration
 21357 | D:10     | Learned a level 4 spell: Animate Dead
 21614 | D:10     | Found a snail-covered altar of Cheibriados.
 22607 | D:11     | Reached skill level 5 in Necromancy
 23685 | D:11     | Found a staircase to the Orcish Mines.
 23735 | Orc:1    | Entered Level 1 of the Orcish Mines
 23930 | Orc:1    | Reached skill level 13 in Air Magic
 24210 | Orc:1    | Upgraded the game from 0.19-a0-722-g27ac516 to 0.19-a0-734-ge18daf0
 24231 | Orc:2    | Entered Level 2 of the Orcish Mines
 24231 | Orc:2    | Found Baisibb's Book Shoppe.
 24239 | Orc:2    | Bought a book of Callings for 300 gold pieces
 24244 | Orc:2    | Learned a level 4 spell: Summon Lightning Spire
 24257 | Orc:2    | Found a staircase to the Elven Halls.
 24338 | Orc:2    | Noticed an orc warlord
 24341 | Orc:2    | Found a roughly hewn altar of Beogh.
 24505 | Orc:2    | Killed an orc warlord
 24505 | Orc:2    | Reached skill level 1 in Summonings
 24793 | Orc:2    | Noticed an orc warlord
 25355 | Orc:2    | Killed an orc warlord
 25507 | Orc:2    | Noticed an orc warlord
 25514 | Orc:2    | Killed an orc warlord
 25578 | Orc:2    | Found a roughly hewn altar of Beogh.
 25692 | Orc:2    | Found Suwnotol's General Store.
 25720 | Orc:2    | Bought a scroll of acquirement for 676 gold pieces
 25732 | Orc:2    | Identified a +0 pair of boots of running (You acquired it on level 2 of the Orcish Mines)
 25902 | Orc:2    | Found a roughly hewn altar of Beogh.
 25937 | Orc:2    | Found Jenus's Weapon Boutique.
 26042 | Orc:2    | Found Ewka's Antique Weapon Emporium.
 26070 | Orc:2    | Found a roughly hewn altar of Beogh.
 26071 | Orc:2    | Found Laqouxokh's Antique Armour Shoppe.
 26343 | Snake:1  | Entered Level 1 of the Snake Pit
 26343 | Snake:1  | Noticed Aizul
 26652 | Lair:4   | Slain by a mana viper

Vault maps used:
D:1:      erik_arrival_triangle_small, roderic_roman_lattice, fountainhead,
          hangedman_decor_lopped, roderic_ancient_swastika,
          grunt_decor_mini_mirrors, minmay_fountain_box,
          roderic_nine_men_s_morris
D:2:      marbit_many_paths, lemuel_doored_altar, bloody_trog,
          nemelex_altar_shiori
D:3:      kennysheep_six_static_rooms, first_bread, amethyst_killhole,
          minmay_rat_hole, uniq_iyjb, uniq_sigmund, uniq_natasha
D:4:      kennysheep_little_box, minitemple
D:6:      gammafunk_temple_overflow_pools
D:7:      minmay_temple_entry_purple_smoke, david_defended_altar_orc,
          uniq_joseph, uniq_pikel
D:8:      gammafunk_temple_overflow_wave, uniq_erolcha
D:9:      zin_purify, erik_lair_island, uniq_psyche
D:10:     basic_altar, hangedman_little_slice_of_home
D:11:     orc_0_dummy, serial_curves, eino_curves_03, eino_curves_01,
          minmay_gold_behind_fungi, minivault_8
Temple:   chambers_temple_10
Lair:1:   serial_bayou_shore_a, grunt_megastairs_1
Lair:2:   minmay_shoals_entry_beasts, minivault_24, uniq_harold, uniq_erica
Lair:3:   grunt_forest_small_clearings, minivault_29, infiniplex_staircase_pool,
          grunt_megastairs_2
Lair:4:   minmay_snake_entry_six_corridors, kennysheep_snail_temple,
          bh_autumn_forest_stairs
Lair:5:   uniq_rupert
Lair:6:   minmay_lair_end_enchanted_forest, slime_dummy
Snake:1:  uniq_aizul
Orc:2:    grunt_orc_community_town_hall, grunt_orc_community_big_house_2,
          grunt_orc_community_big_house_1, grunt_orc_community_house_1,
          grunt_orc_community_house_2, grunt_orc_community_house_1,
          grunt_orc_community_house_2, grunt_orc_community_house_1,
          serial_shops, shop

Skill      XL: |  1  2  3  4  5  6  7  8  9 10 11 12 13 14 |
---------------+-------------------------------------------+-----
Dodging        | 2 3 4 5 6 7 8 |  8.7
Stealth        | 2 3 4 5 |  5.1
Conjurations   | 2 3 4 5 6 7 8 10 11 | 11.8
Spellcasting   | 3 4 6 7 8 9 10 12 | 12.9
Air Magic      | 4 5 6 7 8 9 10 11 12 13 | 13.1
Throwing       | 1 2 3 |  3.5
Fighting       | 1 2 3 4 |  4.7
Short Blades   | 1 2 3 4 |  4.2
Charms         | 1 2 |  2.0
Necromancy     | 1 4 5 |  5.9
Evocations     | 1 2 |  2.3
Summonings     | 3 |  3.0
Maces & Flails | |  0.6

Action                   |  1- 3 |  4- 6 |  7- 9 | 10-12 | 13-15 || total
-------------------------+-------+-------+-------+-------+-------++-------
Melee: Whip              |    38 |       |       |       |       ||    38
       Tailslap          |     5 |     3 |    13 |    31 |    28 ||    80
       Dagger            |       |    21 |   100 |   338 |   174 ||   633
       Flail             |       |    16 |     8 |     5 |       ||    29
       Short sword       |       |       |       |       |    15 ||    15
       Great mace        |       |       |       |       |     5 ||     5
 Fire: Blowgun           |       |    15 |    17 |     1 |       ||    33
 Cast: Shock             |    51 |   136 |   156 |   528 |   505 ||  1376
       Repel Missiles    |     1 |       |     3 |     2 |       ||     6
       Static Discharge  |       |     1 |       |    23 |    26 ||    50
       Swiftness         |       |     1 |       |     1 |     3 ||     5
       Lightning Bolt    |       |       |       |     6 |    14 ||    20
       Animate Skeleton  |       |       |       |     6 |    74 ||    80
       Bolt of Draining  |       |       |       |       |    99 ||    99
       Animate Dead      |       |       |       |       |    23 ||    23
       Summon Lightning  |       |       |       |       |    19 ||    19
       Regeneration      |       |       |       |       |     1 ||     1
Invok: Recall Ancestor   |       |     1 |     4 |     1 |     4 ||    10
       Ancestor Life: He |       |       |     1 |       |       ||     1
       Transference      |       |       |       |       |     1 ||     1
 Abil: Breathe Steam     |       |       |    10 |    42 |    10 ||    62
Evoke: Wand              |       |       |       |     1 |    25 ||    26
       Phial of floods   |       |       |       |       |     2 ||     2
  Use: Scroll            |     3 |     3 |     8 |     9 |    17 ||    40
       Potion            |       |       |     2 |     5 |     7 ||    14
 Stab: Distracted        |       |       |     2 |     5 |     8 ||    15
       Confused          |       |       |     1 |     7 |     2 ||    10
       Sleeping          |       |       |       |       |     1 ||     1
  Eat: Chunk             |     4 |     8 |    14 |    32 |    48 ||   106
       Pizza             |       |       |       |     1 |       ||     1
       Fruit             |       |       |       |       |     3 ||     3
       Beef jerky        |       |       |       |       |     2 ||     2
Armor: Skin              |    22 |    34 |    22 |    72 |    81 ||   231
Dodge: Dodged            |    51 |    47 |    91 |   361 |   353 ||   903
       Deflected         |       |     4 |     4 |     8 |     3 ||    19
Block: Other             |       |       |       |       |    11 ||    11
       Reflection        |       |       |       |       |     1 ||     1
